 Dungeon Crawl Stone Soup version 0.15-b1-128-gb969795 (webtiles) character file.

132 nicksoapdish the Shooter (level 4, -6/35 HPs)
             Began as a Centaur Arcane Marksman on Aug 26, 2014.
             Killed by divine providence
             ... invoked by an orc priest
              (10 damage)
             ... on Level 3 of the Dungeon.
             The game lasted 00:39:01 (3535 turns).

nicksoapdish the Shooter (Centaur Arcane Marksman)  Turns: 3535, Time: 00:39:01

HP  -6/35        AC  7     Str 13      XL: 4   Next: 92%
MP   5/5         EV  9     Int 15      God:
Gold 136         SH  0     Dex  9      Spells:  2 memorised,  2 levels left

rFire  . . .     SeeInvis .     i - +2 dagger (holy)
rCold  . . .     Clarity  .     l - +0 leather armour
rNeg   . . .     rCorr    .     (no shield)
rPois  .         rRot     .     u - +0 helmet
rElec  .         Spirit   .     (no cloak)
SustAb .         Warding  .     (no gloves)
rMut   .         Stasis   .     (no barding)
Gourm  .                        (no amulet)
MR     .....                    s - ring of flight
                                g - +2 ring of protection

@: very slightly contaminated, very quick, not resistant to hostile
enchantments, extremely unstealthy
A: hooves 3, blurry vision 1, clever 1, deformed body, speed 2, mutation
resistance 1, tough skin 3
a: Evoke Flight


You were on level 3 of the Dungeon.
You were not hungry.

You visited 1 branch of the dungeon, and saw 3 of its levels.

You collected 136 gold pieces.

Inventory:

Hand weapons
 b - a +1 shortbow
 e - a +0 dagger
 i - a +2 dagger of holy wrath (weapon)
 m - a +2 hunting sling of evasion
 n - a +0 mace
 t - a +0 hunting sling
 w - a +0 flail
 A - a +0 whip
 G - a +0 flail
Missiles
 c - 20 arrows
 o - 8 tomahawks (quivered)
 C - a throwing net
 D - 21 stones
Armour
 a - a +0 robe
 f - a +0 robe
 k - a +0 robe
 l - a +0 leather armour (worn)
 q - a +0 scale mail
 u - a +0 helmet (worn)
 v - a +0 robe
 B - a +0 robe
 H - a +0 leather armour
Magical devices
 F - a wand of disintegration (11)
Comestibles
 j - a meat ration
 E - a fruit
Scrolls
 p - a scroll of fear
 y - a scroll of recharging
Jewellery
 g - a +2 ring of protection (left hand)
 s - a ring of flight (right hand)
 x - an uncursed ring of positive energy
Potions
 h - a potion of agility
 r - a potion of flight
 z - a potion of haste
Books
 d - a book of Debilitation

   Spells                             Type                      Level
   *Corona                            Hexes                        1
   *Slow                              Hexes                        2
   Inner Flame                        Hexes/Fire                   3
   Enslavement                        Hexes                        4
   Cause Fear                         Hexes                        4
   Leda's Liquefaction                Hexes/Earth                  4


   Skills:
 + Level 1.2 Fighting
 + Level 0.2(0.6) Slings
 + Level 5.0 Bows
 + Level 1.1(1.2) Throwing
 + Level 0.4 Armour
 + Level 1.8 Dodging
 + Level 0.1 Stealth
 + Level 1.3 Spellcasting
 + Level 3.1 Hexes


You had 2 spell levels left.
You knew the following spells:

 Your Spells              Type           Power        Failure   Level  Hunger
a - Corona                Hex            ##.....      8%          1    ##.....
b - Slow                  Hex            ##......     12%         2    ###....


Dungeon Overview and Level Annotations

Branches:
Dungeon (3/15)

Altars:
Makhleb


Innate Abilities, Weirdness & Mutations

You have hooves in place of feet.
Armour fits poorly on your strangely shaped body.
You cover ground very quickly.
You have extremely tough skin (AC +3).
Your vision is a little blurry.
Your mind is acute. (Int +2)
You are somewhat resistant to further mutation.


Message History

Press: ? - help, Shift-Dir - straight line, f/p - orc priest
Aim: an orc priest, wielding a hand axe (moderately wounded)
You throw a tomahawk.
The tomahawk completely misses the orc priest.
The orc throws a stone.
The stone barely misses you.
The orc priest calls down the wrath of Beogh upon you.
Pain shoots through your body!
* * * LOW HITPOINT WARNING * * *
Read which item? (? for menu, Esc to quit)
The writing blurs in front of your eyes.
The orc throws a stone.
The stone barely misses you.
The orc priest mumbles some strange prayers to Beogh against you.
You barely resist.
Read which item? (? for menu, Esc to quit)
The writing blurs in front of your eyes.
The orc throws a stone.
The stone hits you.
* * * LOW HITPOINT WARNING * * *
The orc priest calls down the wrath of Beogh upon you.
Something smites you!
You die...

#... #...... #...... #......
####### #......
...####.....####......
.................<.....
#############(###.......####
............@o.(..(.(.....)>#
######............#....%.#.#
#........###.#%#.#..#.#
#........###...#....#.#
#........o..........#.#
#................._...#
#...............#.....#
#...............###+#+#
#########..............


You could see an orc priest and an orc.

Vanquished Creatures
  An orc priest (D:3)
  4 adders
  2 worms (D:2)
  A giant gecko (D:1)
  3 orcs (D:3)
  6 bats
  6 giant cockroaches
  6 goblins
  A hobgoblin (D:2)
  4 jackals (D:1)
  5 kobolds
  2 ball pythons
  4 giant newts
  14 rats
59 creatures vanquished.

Notes
Turn   | Place    | Note
--------------------------------------------------------------
     0 | D:1      | nicksoapdish, the Centaur Arcane Marksman, began the quest for the Orb.
     0 | D:1      | Reached XP level 1. HP: 16/16 MP: 2/2
    94 | D:1      | Reached skill level 3 in Bows
   314 | D:1      | Reached XP level 2. HP: 17/23 MP: 3/3
   416 | D:1      | Learned a level 2 spell: Slow
  1700 | D:2      | Reached skill level 4 in Bows
  1700 | D:2      | Reached XP level 3. HP: 14/28 MP: 2/4
  2860 | D:2      | Reached XP level 4. HP: 27/35 MP: 5/5
  3035 | D:2      | Gained mutation: Your mind is acute. (Int +2) [potion of beneficial mutation]
  3284 | D:3      | Found a burning altar of Makhleb.
  3384 | D:3      | Gained mutation: Your vision is a little blurry. [potion of mutation]
  3384 | D:3      | Gained mutation: You are somewhat resistant to further mutation. [potion of mutation]
  3526 | D:3      | Reached skill level 5 in Bows
  3526 | D:3      | Reached skill level 1 in Throwing
  3535 | D:3      | Killed from afar by an orc priest

Action                   |  1- 3 |  4- 6 || total
-------------------------+-------+-------++-------
Melee: Dagger            |    52 |    39 ||    91
 Fire: Shortbow          |   130 |    11 ||   141
       Hunting sling     |       |     8 ||     8
Throw: Tomahawk          |    13 |     8 ||    21
 Cast: Corona            |     1 |       ||     1
       Slow              |     9 |     3 ||    12
Evoke: Wand              |       |     2 ||     2
  Use: Scroll            |     8 |     1 ||     9
       Potion            |     4 |     3 ||     7
  Eat: Bread ration      |     1 |     1 ||     2
       Beef jerky        |     1 |       ||     1
